AoeStats
← T İ T A N

Black Forest

505301314Analyzed
3v3 RM · 23d ago on Sep 8, 2026· 93m 41s· 6 players
Game mode
Random Map
Map size
Normal (6 player)
Population
200
Speed
Normal
Resources
Standard
Victory
Conquest
Starting age
Dark Age
Ending age
Imperial Age
RankedLock teamsTeams togetherTeam positionsShared explorationLock speedFull tech treeHidden civsTurbo modeCheats
Victory
Defeat
🇹🇷 Romans · Türkiye
775
+16
🇹🇷 Byzantines · Türkiye
710
+18
🇹🇷 Italians · Türkiye
674
+21
🇲🇽 Italians · Mexico
780
-19
🇦🇷 Burgundians · Argentina
758
-29
🇬🇧 Britons · United Kingdom
754
-33
gly_tudor
9:01 Loom
14:26 Feudal Age
15:04 Double-Bit Axe
15:01 Horse Collar
15:59 Wheelbarrow
15:35 Gold Mining
18:59 Stone Mining
22:15 Castle Age
20:28 Fletching
21:27 Padded Archer Armor
22:52 Crossbowman
24:22 Caravan
24:56 Hand Cart
24:55 Bow Saw
25:59 Heavy Plow
29:38 Bodkin Arrow
29:17 Elite Skirmisher
29:59 Pikeman
30:40 Squires
34:38 Imperial Age
33:41 Town Watch
34:16 Leather Archer Armor
34:01 Murder Holes
34:27 Ballistics
34:51 Gold Shaft Mining
36:17 Halberdier
36:42 Arson
37:17 Bracer
38:54 Onager
40:44 Town Patrol
41:38 Elite Longbowman
42:55 Ring Archer Armor
43:40 Arbalester
44:38 Forging
44:28 Scale Mail Armor
45:50 Hoardings
45:56 Iron Casting
46:14 Yeomen
45:47 Heavy Scorpion
46:52 Masonry
47:44 Chemistry
46:51 Siege Engineers
46:34 Treadmill Crane
47:54 Man-at-Arms
48:20 Gambesons
48:49 Warwolf
51:55 Fortified Wall
52:16 Architecture
51:33 Arrowslits
53:49 Blast Furnace
53:05 Chain Mail Armor
52:55 Scale Barding Armor
55:50 Husbandry
55:11 Cavalier
55:12 Light Cavalry
58:17 Plate Mail Armor
58:07 Chain Barding Armor
57:33 Long Swordsman
65:19 Plate Barding Armor
64:18 Two-Handed Swordsman
65:13 Champion
88:21 Guard Tower
KcoasRaulMx
0:48 Loom
13:17 Feudal Age
13:59 Double-Bit Axe
17:09 Horse Collar
21:37 Castle Age
19:41 Gold Mining
21:51 Scale Barding Armor
21:51 Fletching
25:34 Stone Mining
26:22 Bow Saw
27:47 Fervor
27:43 Fishing Lines
27:42 Pikeman
31:57 Wheelbarrow
31:58 Caravan
33:01 Silk Road
33:42 Town Watch
38:49 Imperial Age
37:24 Stone Shaft Mining
37:00 Gillnets
37:24 Forging
37:11 Bodkin Arrow
38:02 Padded Archer Armor
38:03 Scale Mail Armor
39:07 Hand Cart
38:25 Elite Skirmisher
39:35 Bracer
40:12 Iron Casting
39:42 Squires
39:51 Thumb Ring
39:53 Husbandry
39:14 Light Cavalry
40:04 Bloodlines
41:22 Two-Man Saw
40:19 Cavalier
41:23 Conscription
42:20 Pirotechnia
42:31 Leather Archer Armor
42:39 Chain Barding Armor
42:48 Heavy Plow
44:12 Chemistry
42:53 Treadmill Crane
43:33 Ballistics
42:39 Hussar
42:57 Crossbowman
44:45 Crop Rotation
44:53 Capped Ram
45:21 Elite Genoese Crossbowman
46:39 Chain Mail Armor
46:29 Onager
48:32 Blast Furnace
48:24 Plate Mail Armor
49:21 Masonry
49:23 Fortified Wall
49:53 Coinage
50:04 Plate Barding Armor
49:59 Ring Archer Armor
50:08 Hoardings
49:41 Arson
49:19 Arbalester
50:15 Devotion
Chafalote
0:32 Loom
7:28 Double-Bit Axe
12:10 Horse Collar
14:26 Feudal Age
20:28 Bow Saw
22:30 Heavy Plow
23:06 Caravan
26:13 Castle Age
26:01 Scale Barding Armor
26:15 Stone Mining
26:16 Gold Mining
29:23 Two-Man Saw
30:12 Scale Mail Armor
30:25 Forging
30:25 Guard Tower
30:54 Squires
34:05 Fortified Wall
35:35 Chain Barding Armor
40:17 Imperial Age
38:27 Stone Shaft Mining
38:28 Gold Shaft Mining
39:36 Wheelbarrow
40:08 Iron Casting
39:55 Husbandry
39:21 Cavalier
39:29 Man-at-Arms
41:03 Arrowslits
43:32 Ballistics
43:26 Masonry
43:15 Murder Holes
43:05 Treadmill Crane
44:26 Conscription
45:04 Hand Cart
45:24 Crop Rotation
50:19 Blast Furnace
49:37 Chain Mail Armor
49:16 Fletching
49:17 Elite Skirmisher
53:43 Padded Archer Armor
55:35 Plate Barding Armor
58:00 Pikeman
T İ T A N
7:58 Loom
11:55 Feudal Age
12:18 Horse Collar
15:41 Double-Bit Axe
19:08 Gold Mining
19:10 Stone Mining
19:06 Man-at-Arms
23:23 Castle Age
24:24 Heavy Plow
24:37 Bow Saw
25:06 Gold Shaft Mining
23:58 Elite Skirmisher
26:39 Fletching
26:49 Padded Archer Armor
27:57 Squires
28:48 Wheelbarrow
27:58 Town Watch
30:47 Hand Cart
30:32 Town Patrol
31:06 Long Swordsman
31:55 Bodkin Arrow
32:16 Leather Archer Armor
32:24 Ballistics
32:01 Murder Holes
37:06 Imperial Age
34:17 Pikeman
34:22 Crossbowman
35:07 Husbandry
35:18 Bloodlines
34:29 Light Cavalry
36:10 Caravan
36:23 Masonry
36:40 Fortified Wall
36:38 Guard Tower
38:46 Siege Engineers
39:42 Chemistry
39:13 Architecture
38:49 Cavalier
40:23 Crop Rotation
41:51 Conscription
41:04 Sappers
43:35 Comitatenses
43:44 Elite Centurion
47:16 Forging
47:12 Scale Barding Armor
47:08 Scale Mail Armor
47:39 Ring Archer Armor
48:21 Herbal Medicine
48:28 Devotion
49:27 Onager
49:29 Capped Ram
52:10 Iron Casting
51:55 Chain Barding Armor
60:00 Blast Furnace
59:36 Plate Barding Armor
59:17 Chain Mail Armor
64:16 Legionary
67:27 Keep
70:45 Ballistas
72:36 Legionary
75:21 Halberdier
76:18 Guilds
76:40 Coinage
92:18 Banking
92:46 Spies/Treason
SeçkinA.
0:27 Loom
12:24 Feudal Age
12:59 Double-Bit Axe
22:05 Castle Age
20:57 Horse Collar
21:23 Gold Mining
21:28 Stone Mining
23:29 Bow Saw
23:23 Heavy Plow
24:02 Gold Shaft Mining
24:11 Stone Shaft Mining
26:54 Wheelbarrow
29:41 Hand Cart
34:06 Imperial Age
32:11 Treadmill Crane
32:55 Ballistics
32:46 Fortified Wall
32:32 Murder Holes
32:41 Padded Archer Armor
33:47 Caravan
34:43 Leather Archer Armor
35:14 Fletching
35:55 Ring Archer Armor
36:30 Two-Man Saw
36:02 Crop Rotation
36:04 Conscription
36:14 Bodkin Arrow
37:53 Chemistry
37:40 Elite Skirmisher
41:41 Bracer
42:57 Coinage
44:57 Banking
47:27 Arrowslits
48:40 Guilds
73:01 Scale Barding Armor
73:07 Forging
72:38 Heavy Camel Rider
73:20 Husbandry
74:06 Chain Barding Armor
75:28 Iron Casting
74:52 Light Cavalry
76:13 Plate Barding Armor
77:33 Hussar
92:00 Spies/Treason
BURKUT
0:57 Loom
13:52 Feudal Age
14:19 Double-Bit Axe
22:59 Castle Age
22:10 Horse Collar
25:06 Wheelbarrow
36:31 Imperial Age
34:14 Stone Mining
34:18 Gold Mining
34:41 Heavy Plow
36:06 Bow Saw
36:44 Hand Cart
38:56 Chemistry
40:46 Stone Shaft Mining
41:30 Two-Man Saw
42:38 Onager
43:49 Ballistics
43:19 Heated Shot
43:10 Treadmill Crane
43:41 Masonry
45:04 Crop Rotation
44:30 Fletching
44:40 Padded Archer Armor
44:41 Scale Mail Armor
44:47 Scale Barding Armor
44:52 Forging
48:50 Iron Casting
48:31 Chain Mail Armor
48:36 Chain Barding Armor
48:32 Leather Archer Armor
48:13 Bodkin Arrow
47:43 Cavalier
48:24 Husbandry
50:29 Bombard Tower
50:40 Architecture
49:57 Arrowslits
50:23 Fortified Wall
50:16 Caravan
50:47 Coinage
50:28 Guilds
53:53 Plate Barding Armor
54:20 Blast Furnace
54:07 Plate Mail Armor
61:15 Arson
65:58 Pikeman
66:39 Squires
82:33 Bracer
83:04 Ring Archer Armor
93:07 Spies/Treason
Connection lost

Rejoining the realm…

Still unreachable

The connection could not be restored.

Session expired

The server has moved on; the page needs a fresh start.